 Dungeon Crawl Stone Soup version 0.30-a0-639-g3916f1956a (webtiles) character file.

Game seed: 12345744156767996269

900 bmack86 the Chopper (level 7, -3/61 HPs)
             Began as a Minotaur Fighter on Jan 16, 2023.
             Was a Follower of Okawaru.
             Slain by a gnoll bouda
             ... wielding a +0 whip
              (4 damage)
             ... on level 6 of the Dungeon.
             The game lasted 00:12:05 (4792 turns).

bmack86 the Chopper (Minotaur Fighter)              Turns: 4792, Time: 00:12:06

Health: -3/61      AC: 10    Str: 29    XL:     7   Next: 79%
Magic:  7/7        EV:  8    Int:  5    God:    Okawaru [*.....]
Gold:   173        SH:  5    Dex:  9    Spells: 6/6 levels left

rFire   . . .      SeeInvis .    a - +0 war axe (heavy)
rCold   . . .      Faith    .    c - +0 buckler
rNeg    . . .      Spirit   .    s - +0 chain mail
rPois   .          Reflect  .    (helmet restricted)
rElec   .          Harm     .    (no cloak)
rCorr   .          Rampage  .    (no gloves)
Will    +....                    (no boots) Stlth
                                 (no amulet)
HPRegen 0.30/turn                v - ring of willpower
MPRegen 0.10/turn                m - +6 ring of strength

@: weakened
A: horns 2, retaliatory headbutt
a: Renounce Religion, Heroism


You were on level 6 of the Dungeon.
You worshipped Okawaru.
Okawaru was aware of your devotion.
You visited 2 branches of the dungeon, and saw 7 of its levels.

You collected 277 gold pieces.
You spent 104 gold pieces at shops.

Inventory:

Hand Weapons
 a - a +0 heavy war axe (weapon)
 q - the +7 Throatcutter {drain, coup de grace}
   (You found it on level 3 of the Dungeon)
Missiles
 p - 3 silver javelins
 r - 3 boomerangs (quivered)
Armour
 b - a +0 scale mail
 c - a +0 buckler (worn)
 s - a +0 chain mail (worn)
Jewellery
 j - a ring of resist corrosion
 m - a +6 ring of strength (right hand)
 v - a ring of willpower (left hand)
Scrolls
 g - a scroll of fear
 i - 4 scrolls of teleportation
 l - 2 scrolls of magic mapping
Potions
 f - 2 potions of lignification
 n - 4 potions of curing
 t - 3 potions of heal wounds
 x - 2 potions of brilliance


   Skills:
 + Level 5.6 Fighting
 * Level 6.6 Axes
 + Level 2.9 Throwing
 + Level 5.6 Armour
 + Level 5.6 Shields
 + Level 1.4 Invocations


You had 6 spell levels left.
You didn't know any spells.
Your spell library contained the following spells:

 Spells                   Type           Power      Damage    Failure   Level
 Scorch                   Fire           0%         2d5       99%         2
 Kindle Blastsparks       Fire/Tloc/Air  0%         2d10      100%        3
 Flame Wave               Conj/Fire      0%         2d4       100%        4
 Fulminant Prism          Conj/Hex       0%         3d5       100%        4
 Iskenderun's Mystic Bla  Conj/Tloc      0%         2d3       100%        4
 Lee's Rapid Deconstruct  Erth           0%         3d4*      100%        5
 Orb of Destruction       Conj           0%         9d5       100%        7
 Summon Guardian Golem    Hex/Summ       Unusable   N/A       N/A         3
 Summon Cactus Giant      Summ           Unusable   N/A       N/A         6
 Spellforged Servitor     Conj/Summ      Unusable   N/A       N/A         7

Dungeon Overview and Level Annotations

Branches:
Dungeon (6/15)             Temple (1/1) D:4

Altars:
Ashenzari
Cheibriados
Dithmenos
Elyvilon
Fedhas
Gozag
Hepliaklqana
Kikubaaqudgha
Makhleb
Nemelex Xobeh
Okawaru
Qazlal
Sif Muna
Trog
Wu Jian
Xom
Yredelemnul
Zin
The Shining One

Shops:
D:2 ?

Annotations:
D:3 1 runed translucent door, Crazy Yiuf
D:6 Blork the orc


Innate Abilities, Weirdness & Mutations

You have a pair of horns on your head.
You reflexively headbutt those who attack you in melee.


Message History

You slash the orc priest!
The orc throws a stone.
The stone hits you.
The orc priest hits you but does no damage.
Blork the orc points at you and mumbles some strange words.
The magic dart hits you.
The gnoll throws a throwing net.
The throwing net hits you.
You become entangled in the net!
An iguana comes into view.
The orc priest hits you with a +0 dagger.
You struggle against the net.
The iguana hisses angrily.
The orc priest looks encouraged for a moment.
The gnoll bouda barks out a call to the hunt!
The gnolls pick up the pace!
You struggle against the net.
A gnoll comes into view. It is wielding a +0 club.
The orc priest hits you but does no damage.
Blork the orc looks satisfied for a moment.
You struggle against the net.
The orc hits you with a +0 morningstar.
The orc priest hits you but does no damage.
Blork the orc gestures wildly while chanting.
Blork the orc seems to speed up.
You rip the net and break free!
A gnoll comes into view. It is wielding a +0 whip.
You block the orc's attack. The orc priest closely misses you.
The gnoll bouda gazes fiercely through you!
You feel your attacks grow feeble.
The gnoll bouda hits you with a +0 whip.
The ogre hits you with a +0 giant club!!
You hit the orc priest but do no damage.
You headbutt the orc priest, but do no damage.
The orc priest is severely wounded.
You hit the gnoll bouda. You barely miss the orc. You hit the ogre.
Blork the orc looks braver for a moment.
You block the orc's attack.
The orc priest hits you with a +0 dagger.
* * * LOW HITPOINT WARNING * * *
The ogre hits you with a +0 giant club!
* * * LOW HITPOINT WARNING * * *
The gnoll hits you but does no damage.
The gnoll bouda hits you with a +0 whip.
You die...

...>...........
............>...
..............?.
...g............
................
.......go.......
#.....ggoO......
......lg@o.....#
.......††......#
)...|.........##
.............##
........######
.<###.#..# .
#.##.# #. #.# #.
#.####


You could see Blork the orc (fast), an ogre, a gnoll bouda, an iguana, an orc
priest, 4 gnolls and an orc.

Vanquished Creatures
  A sky beast (D:4)
  An ice beast (D:5)
  A black bear (D:6)
  3 scorpions
  2 hounds (D:4)
  An orc priest (D:5)
  2 iguanas (D:4)
  3 orc wizards
  3 gnolls (D:5)
  8 adders
  An ufetubus (D:5)
  7 worms
  2 dart slugs
  11 orcs
  6 ball pythons
  7 bats
  9 endoplasms
  2 giant cockroaches (D:1)
  6 goblins
  10 hobgoblins
  2 jackals (D:2)
  A quokka (D:1)
  2 frilled lizards (D:2)
  12 kobolds
  8 rats
111 creatures vanquished.

Notes
Turn   | Place    | Note
-------+----------+-------------------------------------------
     0 | D:1      | bmack86 the Minotaur Fighter began the quest for the Orb.
     0 | D:1      | Reached XP level 1. HP: 19/19 MP: 0/0
   326 | D:1      | Reached XP level 2. HP: 27/27 MP: 1/1
   430 | D:1      | Reached skill level 3 in Axes
   884 | D:2      | Reached XP level 3. HP: 33/33 MP: 2/2
  1417 | D:2      | Reached XP level 4. HP: 38/40 MP: 3/3
  1431 | D:2      | Found The Oracle's Delphic Readings.
  1437 | D:2      | Bought a scroll of identify for 22 gold pieces
  1685 | D:3      | Found the +7 Throatcutter {drain, coup de grace}
  1818 | D:2      | Bought a scroll of magic mapping for 82 gold pieces
  1998 | D:3      | Reached skill level 4 in Axes
  2417 | D:3      | Found a runed translucent door.
  2418 | D:3      | Noticed Crazy Yiuf
  2642 | D:4      | Reached XP level 5. HP: 33/47 MP: 4/4
  2700 | D:4      | Found a staircase to the Ecumenical Temple.
  2714 | Temple   | Entered the Ecumenical Temple
  2935 | D:4      | Reached skill level 1 in Throwing
  3130 | D:4      | Noticed a sky beast
  3141 | D:4      | Killed a sky beast
  3142 | D:4      | Reached skill level 5 in Axes
  3142 | D:4      | Reached XP level 6. HP: 47/55 MP: 5/5
  3411 | D:4      | Reached skill level 5 in Fighting
  3411 | D:4      | Reached skill level 5 in Armour
  3411 | D:4      | Reached skill level 5 in Shields
  3465 | D:4      | Found an iron altar of Okawaru.
  3469 | D:4      | Became a worshipper of Warmaster Okawaru
  3479 | D:4      | Found a hazy altar of Hepliaklqana.
  3597 | D:5      | Entered Level 5 of the Dungeon
  3712 | D:5      | Found a blossoming altar of Fedhas.
  3716 | D:5      | Found an ancient bone altar of Kikubaaqudgha.
  3931 | D:5      | Reached XP level 7. HP: 52/61 MP: 6/6
  3969 | D:5      | Reached skill level 6 in Axes
  4325 | D:5      | Reached skill level 1 in Invocations
  4326 | D:5      | Reached * piety under Okawaru
  4786 | D:6      | Noticed Blork the orc
  4792 | D:6      | HP: 1/61 [ogre/+0 giant club (17)]
  4792 | D:6      | Slain by a gnoll bouda

Illustrated notes

Levels and vault maps discovered:
D:1:      heliophobic_arrival_dark_side_of_the_moon, layout_basic, st_stairs_2,
          minmay_tromino_mix6
D:2:      layout_basic, chequers_serial_rivers_micro_d,
          nicolae_nh_oracle_at_delphi
D:3:      layout_loops_ring, serial_glass, glass_columns_c, glass_columns_a,
          dilly_guarded_unrand_throatcut, uniq_crazy_yiuf_cottage
D:4:      layout_loops_ring, minitemple, minmay_temple_entry_overgrown
D:5:      layout_gridville, grunt_temple_overflow_growth_and_decay
D:6:      layout_rooms, mainiacjoe_overflow_boulevard, serial_shops, shop,
          uniq_blork_the_orc
Temple:   nicolae_temple_superstar

Skill      XL: |  1  2  3  4  5  6  7 |
---------------+----------------------+-----
Axes           | 3 4 5 6 |  6.6
Armour         | 4 5 |  5.6
Fighting       | 4 5 |  5.6
Shields        | 4 5 |  5.6
Throwing       | 1 2 |  2.9
Invocations    | 1 |  1.4

Action                   |  1- 3 |  4- 6 |  7- 9 || total
-------------------------+-------+-------+-------++-------
Melee: War axe           |    64 |   125 |    26 ||   215
       Headbutt          |     6 |    19 |     5 ||    30
Throw: Boomerang         |       |     2 |       ||     2
  Use: Scroll            |       |     6 |     7 ||    13
       Potion            |       |     1 |       ||     1
Armor: Scale mail        |    40 |     9 |       ||    49
       Chain mail        |       |    50 |    25 ||    75
Dodge: Dodged            |    32 |    60 |    12 ||   104
Block: Buckler           |    20 |    32 |    15 ||    67

Table legend: (Time is in decaauts)
 A = Elapsed time spent in this place.
 B = Non-inter-level travel time spent in this place.
 C = Inter-level travel time spent in this place.
 D = Time resting spent in this place.
 E = Time spent auto-exploring this place.
 F = Levels seen in this place.
 G = Mean time per level.
                   A        B        C        D        E       F      G
               +--------+--------+--------+--------+--------+-----+--------+
         Total |   4861 |   4624 |    237 |    216 |   3060 |   7 |  694.4 |
       Dungeon |   4721 |   4509 |    212 |    216 |   2960 |   6 |  786.8 |
        Temple |    139 |    114 |     25 |      0 |    100 |   1 |  139.0 |
               +--------+--------+--------+--------+--------+-----+--------+

Top non-repeatable levels by time:
     D:5: 1133 daAuts
     D:4: 956 daAuts
     D:3: 924 daAuts
     D:1: 881 daAuts
     D:2: 752 daAuts
  Temple: 139 daAuts
     D:6: 74 daAuts
